Inferno vs Monarchs
Created - January 3, 2019 at 20:33
Goals
|
| Inferno |
0 |
1 |
4 |
5 |
| Monarchs |
0 |
1 |
2 |
3 |
|
Shots
|
| Inferno |
5 |
12 |
12 |
29 |
| Monarchs |
11 |
10 |
4 |
25 |
|
1st period
No Goal
Penalties :
Colby Robak (Anc) for Hooking (Minor) at 17:30
2nd period
1. Monarchs , Joel Armia 6 (Teuvo Teravainen 14, Chris Tierney 5) at 6:50
2. Inferno , Matt Kassian 15 (Kyle Palmieri 14, Anders Lee 13) at 14:06
Penalties :
Chris Thorburn (MAN) for Tripping (Minor) at 3:15, Daultan Leveillé (MAN) for Hooking (Minor) at 14:09
3rd period
3. Inferno , Vladimir Zharkov 12 (Vladimir Sobotka 16, Esa Lindell 24) at 3:10
4. Monarchs , Connor Brown 15 (Will Butcher 8, Jake McCabe 13) at 3:44 (PP)
5. Monarchs , Andre Burakovsky 24 (Connor Brown 38) at 5:35
6. Inferno , David Savard 6 (Vladimir Sobotka 17, Kyle Palmieri 15) at 16:42 (PP)
7. Inferno , Kyle Palmieri 16 (Anders Lee 14) at 18:14
8. Inferno , Matthew Nieto 10 (Philip Varone 17) at 18:18
Penalties :
David Savard (Anc) for Holding Stick (Minor) at 0:03, Colby Robak (Anc) for Boarding (Minor) at 3:32, David Savard (Anc) for High sticking (Minor) at 6:20, Colby Robak (Anc) for Hooking (Minor) at 9:06, Will Butcher (MAN) for High sticking (Minor) at 16:31
Goalie Stats
Michael Hutchinson (Anc), 22 saves from 25 shots - (0.880), W, 6-5-1, 60:00 minutes
Anders Lindback (MAN), 24 saves from 29 shots - (0.828), L, 13-8-2, 60:00 minutes
Players Stats for Inferno
Player Name G A P +/- PIM S H SB GA TA FO MP PP MP PK MP
------------------------------------------------------------------------------------
Anders Lee 0 2 2 2 0 1 1 0 1 0 3/9 14:06 1:42 0:00
Bryan Rust 0 0 0 1 0 2 2 0 1 0 0/0 14:54 0:00 4:21
Christian Folin 0 0 0 2 0 1 1 1 0 1 0/0 19:42 2:45 1:57
Colby Robak 0 0 0 -1 6 1 1 1 1 1 0/0 22:57 0:00 2:40
David Savard 1 0 1 0 4 1 1 3 0 0 0/0 24:36 2:45 2:49
Esa Lindell 0 1 1 1 0 1 0 0 0 0 0/0 16:26 1:24 1:18
Kyle Palmieri 1 2 3 2 0 7 0 2 0 1 0/1 14:54 2:27 0:00
Mathieu Brodeur 0 0 0 2 0 0 1 0 1 1 0/0 21:13 0:00 4:45
Matt Kassian 1 0 1 2 0 1 1 0 0 1 0/0 14:46 0:00 1:35
Matthew Nieto 1 0 1 1 0 4 4 0 0 0 0/1 13:41 1:42 1:35
Oliver Bjorkstrand 0 0 0 0 0 0 1 0 1 0 0/0 9:59 1:42 0:00
Philip Varone 0 1 1 1 0 0 2 0 1 0 6/9 13:40 0:00 2:12
Ryan Spooner 0 0 0 0 0 2 0 0 1 0 0/0 8:43 0:00 0:00
Simon Danis-Pepin 0 0 0 0 0 0 1 0 0 1 0/0 15:32 1:24 2:47
Tanner Pearson 0 0 0 -1 0 1 2 0 1 1 1/1 17:56 2:27 0:00
Victor Rask 0 0 0 0 0 1 0 0 1 0 1/2 8:43 0:00 0:00
Vladimir Sobotka 0 2 2 -1 0 2 1 0 0 0 15/31 22:15 2:27 4:21
Vladimir Zharkov 1 0 1 -1 0 4 1 2 0 0 0/1 17:44 0:00 2:12
Players Stats for Monarchs
Player Name G A P +/- PIM S H SB GA TA FO MP PP MP PK MP
------------------------------------------------------------------------------------
Alec Martinez 0 0 0 0 0 0 1 1 0 1 0/0 15:02 0:00 2:25
Andre Burakovsky 1 0 1 -2 0 3 0 1 0 1 1/4 18:25 4:09 0:00
Andrei Mironov 0 0 0 0 0 0 0 0 0 0 0/0 5:15 0:00 0:00
Artturi Lehkonen 0 0 0 0 0 0 1 1 0 0 0/0 8:50 0:00 0:13
Chris Thorburn 0 0 0 0 2 4 4 0 1 0 0/0 14:26 0:14 0:00
Chris Tierney 0 1 1 0 0 0 0 1 0 1 5/10 16:54 3:20 1:40
Connor Brown 1 1 2 -2 0 5 1 0 1 0 1/1 18:18 4:06 0:00
Daultan Leveillé 0 0 0 0 2 2 1 0 0 0 11/14 15:07 0:29 1:08
David Fischer 0 0 0 -1 0 0 0 0 0 1 0/0 15:20 0:00 1:44
Dennis Everberg 0 0 0 0 0 0 1 0 0 1 0/0 11:08 0:00 2:15
Jake McCabe 0 1 1 -1 0 2 0 0 0 2 0/0 21:52 4:48 2:25
Joel Armia 1 0 1 0 0 1 1 0 1 0 0/0 14:21 3:45 0:00
Jon Merrill 0 0 0 -1 0 3 4 5 1 1 0/0 22:21 0:00 1:44
Jonathan Drouin 0 0 0 0 0 0 1 0 1 0 2/4 17:14 3:45 0:00
Josh Morrissey 0 0 0 0 0 0 0 0 0 0 0/0 15:47 3:20 0:00
Marko Dano 0 0 0 -2 0 1 1 0 1 1 8/20 20:04 4:09 1:39
Ryan White 0 0 0 0 0 4 2 0 0 0 1/2 8:37 0:00 0:00
Teuvo Teravainen 0 1 1 0 0 0 1 0 1 0 0/0 16:33 3:47 1:23
Will Butcher 0 1 1 -1 2 0 0 0 0 0 0/0 20:14 4:48 0:00
3 Stars
1 - Kyle Palmieri (Anc)
2 - Matthew Nieto (Anc)
3 - Matt Kassian (Anc)
Power Play
Inferno - 1 on 3 Attempt(s) - 33.33%
Monarchs - 1 on 5 Attempt(s) - 20.00%
Penalty Kill
Inferno - 4 on 5 Attempt(s) - 80.00%
- Score 0 goal in Penalty Kill
Monarchs - 2 on 3 Attempt(s) - 66.67%
- Score 0 goal in Penalty Kill
Team Stat
Inferno - Hits : 20 - Faceoff Wins : 26 - Blocked Shots : 9 - Penalty Minutes : 10
Monarchs - Hits : 19 - Faceoff Wins : 29 - Blocked Shots : 9 - Penalty Minutes : 6
Official
Referees : Unknown
Linesman : Unknown
Game Notes
No Game Note
Finance
Level 1 -- Attendance: 1457 (72.85%) -- Ticket Income $58,280
Level 2 -- Attendance: 772 (77.20%) -- Ticket Income $15,440
Total Attendance: 2229 (74.30%)
Total Ticket Income: $73,720
Other Income: $3,686
Total Income: $77,406
Inferno
5 vs 5 Forward
Center Left Wing Right Wing Time % Phy DF OF
1 Vladimir Sobotka Tanner Pearson Vladimir Zharkov 40 1 2 2
2 Anders Lee Matt Kassian Kyle Palmieri 30 1 2 2
3 Philip Varone Matthew Nieto Bryan Rust 20 1 2 2
4 Victor Rask Ryan Spooner Oliver Bjorkstrand 10 1 2 2
5 vs 5 Defense
Defense Defense Time % Phy DF OF
1 Colby Robak David Savard 40 1 2 2
2 Christian Folin Mathieu Brodeur 30 1 2 2
3 Esa Lindell Simon Danis-Pepin 20 1 2 2
4 Colby Robak Mathieu Brodeur 10 1 2 2
PowerPlay Forward
Center Left Wing Right Wing Time % Phy DF OF
1 Vladimir Sobotka Tanner Pearson Kyle Palmieri 60 1 2 2
2 Anders Lee Matthew Nieto Oliver Bjorkstrand 40 1 2 2
PowerPlay Defense
Defense Defense Time % Phy DF OF
1 Christian Folin David Savard 60 1 2 2
2 Esa Lindell Simon Danis-Pepin 40 1 2 2
Penalty Kill 4 Players Forward
Center Wing Time % Phy DF OF
1 Vladimir Sobotka Bryan Rust 60 1 2 2
2 Philip Varone Vladimir Zharkov 40 1 2 2
Penalty Kill 4 Players Defense
Defense Defense Time % Phy DF OF
1 Colby Robak David Savard 60 1 2 2
2 Christian Folin Mathieu Brodeur 40 1 2 2
Penalty Kill - 3 Players Forward
Forward Time % Phy DF OF
1 Vladimir Sobotka 60 1 2 2
2 Bryan Rust 40 1 2 2
Penalty Kill - 3 Players Defense
Defense Defense Time % Phy DF OF
1 Colby Robak David Savard 60 1 2 2
2 Christian Folin Mathieu Brodeur 40 1 2 2
4 vs 4 Forward
Center Wing Time % Phy DF OF
1 Vladimir Sobotka Vladimir Zharkov 60 1 2 2
2 Anders Lee Kyle Palmieri 40 1 2 2
4 vs 4 Defense
Defense Defense Time % Phy DF OF
1 Colby Robak David Savard 60 1 2 2
2 Christian Folin Mathieu Brodeur 40 1 2 2
Last Minutes Offensive
Center Left Wing Right Wing Defense Defense
Anders Lee Tanner Pearson Vladimir Zharkov Colby Robak David Savard
Last Minutes Defensive
Center Left Wing Right Wing Defense Defense
Vladimir Sobotka Tanner Pearson Vladimir Zharkov Colby Robak David Savard
Goaltenders
Starting : Michael Hutchinson
Backup : Christopher Gibson
Extra Forwards
Normal : Philip Varone, Matt Kassian, Matthew Nieto - PP : Ryan Spooner, Oliver Bjorkstrand - PK : Matt Kassian
Extra Defensemen
Normal : Christian Folin, Mathieu Brodeur, Esa Lindell - PP : Esa Lindell - PK : Mathieu Brodeur, Simon Danis-Pepin
Penalty Shots
Kyle Palmieri, Victor Rask, Philip Varone, Tanner Pearson, Oliver Bjorkstrand
Scratches
Chris Brown (Healthy), Frank Corrado (Healthy), Tyler Shattock (Healthy), Joakim Nordstrom (Healthy), Trevor Carrick (Healthy)
Petteri Lindbohm (Healthy), Daniil Tarasov (Healthy), Peter Cehlarik (Healthy), John Gilmour (Healthy), Branden Troock (Healthy)
Luca Sbisa (Healthy), Greg Pateryn (Healthy), Nathan Lieuwen (Healthy)
Monarchs
5 vs 5 Forward
Center Left Wing Right Wing Time % Phy DF OF
1 Marko Dano Andre Burakovsky Connor Brown 35 1 1 3
2 Daultan Leveillé Jonathan Drouin Chris Thorburn 35 1 2 2
3 Chris Tierney Teuvo Teravainen Joel Armia 25 1 2 2
4 Ryan White Artturi Lehkonen Dennis Everberg 5 1 2 2
5 vs 5 Defense
Defense Defense Time % Phy DF OF
1 Jon Merrill Will Butcher 35 0 3 2
2 Jake McCabe David Fischer 30 0 3 2
3 Alec Martinez Josh Morrissey 25 0 3 2
4 Jon Merrill Andrei Mironov 10 1 3 1
PowerPlay Forward
Center Left Wing Right Wing Time % Phy DF OF
1 Marko Dano Andre Burakovsky Connor Brown 60 0 1 4
2 Jonathan Drouin Teuvo Teravainen Joel Armia 40 0 1 4
PowerPlay Defense
Defense Defense Time % Phy DF OF
1 Will Butcher Jake McCabe 60 0 2 3
2 Chris Tierney Josh Morrissey 40 0 2 3
Penalty Kill 4 Players Forward
Center Wing Time % Phy DF OF
1 Daultan Leveillé Dennis Everberg 60 0 4 1
2 Chris Tierney Chris Thorburn 40 0 4 1
Penalty Kill 4 Players Defense
Defense Defense Time % Phy DF OF
1 Jake McCabe Alec Martinez 60 0 5 0
2 Jon Merrill David Fischer 40 0 5 0
Penalty Kill - 3 Players Forward
Forward Time % Phy DF OF
1 Daultan Leveillé 60 1 4 0
2 Chris Tierney 40 1 4 0
Penalty Kill - 3 Players Defense
Defense Defense Time % Phy DF OF
1 Alec Martinez David Fischer 60 0 5 0
2 Jake McCabe Jon Merrill 40 0 5 0
4 vs 4 Forward
Center Wing Time % Phy DF OF
1 Marko Dano Teuvo Teravainen 60 1 2 2
2 Connor Brown Daultan Leveillé 40 1 2 2
4 vs 4 Defense
Defense Defense Time % Phy DF OF
1 Alec Martinez Will Butcher 60 1 2 2
2 Jake McCabe Josh Morrissey 40 1 2 2
Last Minutes Offensive
Center Left Wing Right Wing Defense Defense
Marko Dano Teuvo Teravainen Connor Brown Jake McCabe Will Butcher
Last Minutes Defensive
Center Left Wing Right Wing Defense Defense
Chris Tierney Daultan Leveillé Chris Thorburn Jake McCabe Jon Merrill
Goaltenders
Starting : Anders Lindback
Backup : Eric Comrie
Extra Forwards
Normal : Marko Dano, Chris Tierney, Teuvo Teravainen - PP : Daultan Leveillé, Chris Thorburn - PK : Marko Dano
Extra Defensemen
Normal : Jake McCabe, Alec Martinez, Jon Merrill - PP : Jon Merrill - PK : Josh Morrissey, Will Butcher
Penalty Shots
Andre Burakovsky, Teuvo Teravainen, Marko Dano, Dennis Everberg, Ryan White
Scratches
Brian Boyle (Fractured Metatarsal (Right Foot) Injury), Christophe Lalancette (Healthy), Mike Hoffman (Healthy), Adam Tambellini (Healthy), Eric Karlsson (Healthy)
Darnell Nurse (Bruised Right Arm Injury), Anthony Peluso (Healthy), Tyler Beskorowany (Healthy)
% Time on Ice - Inferno
Lines # - Real PCT - Wanted PCT - Time Play
Normal Forward
1 - 34% - 40% - 16:24
2 - 26% - 30% - 12:25
3 - 21% - 20% - 10:11
4 - 18% - 10% - 8:43
Normal Defense
1 - 40% - 40% - 19:04
2 - 30% - 30% - 14:32
3 - 25% - 20% - 11:43
4 - 5% - 10% - 2:24
PP Forward
1 - 59% - 60% - 2:27
2 - 41% - 40% - 1:42
PP Defense
1 - 66% - 60% - 2:45
2 - 34% - 40% - 1:24
PK Forward
1 - 73% - 60% - 5:56
2 - 27% - 40% - 2:12
PK Defense
1 - 79% - 60% - 6:26
2 - 21% - 40% - 1:42
PK3 Forward
1 - 0% - 60%
2 - 0% - 40%
PK3 Defense
1 - 0% - 60%
2 - 0% - 40%
44 Forward
1 - 0% - 60%
2 - 0% - 40%
44 Defense
1 - 0% - 60%
2 - 0% - 40%
Last Minute Offensive - 0:00
Last Minute Defensive - 0:00
Total
Forward - 60:00
Defense - 60:00
|
% Time on Ice - Monarchs
Lines # - Real PCT - Wanted PCT - Time Play
Normal Forward
1 - 32% - 35% - 15:04
2 - 29% - 35% - 13:53
3 - 21% - 25% - 10:09
4 - 18% - 5% - 8:37
Normal Defense
1 - 34% - 35% - 16:25
2 - 30% - 30% - 14:24
3 - 24% - 25% - 11:39
4 - 11% - 10% - 5:15
PP Forward
1 - 53% - 60% - 4:21
2 - 47% - 40% - 3:47
PP Defense
1 - 59% - 60% - 4:48
2 - 41% - 40% - 3:20
PK Forward
1 - 88% - 60% - 3:40
2 - 12% - 40% - 0:29
PK Defense
1 - 58% - 60% - 2:25
2 - 42% - 40% - 1:44
PK3 Forward
1 - 0% - 60%
2 - 0% - 40%
PK3 Defense
1 - 0% - 60%
2 - 0% - 40%
44 Forward
1 - 0% - 60%
2 - 0% - 40%
44 Defense
1 - 0% - 60%
2 - 0% - 40%
Last Minute Offensive - 0:00
Last Minute Defensive - 0:00
Total
Forward - 60:00
Defense - 60:00
|
Play-by-Play
1st period
0:01 of 1st period - Marko Dano wins face-off versus Vladimir Sobotka in neutral zone.
0:13 of 1st period - Snap shot by Vladimir Zharkov.
0:13 of 1st period - Shot Misses the Net.
1:14 of 1st period - Christian Folin is hit by Dennis Everberg and loses puck.
1:19 of 1st period - Snap shot by Ryan White.
1:19 of 1st period - Shot Misses the Net.
1:21 of 1st period - Slapshot by Jake McCabe.
1:21 of 1st period - Deflect By Christian Folin.
1:21 of 1st period - Stopped by Michael Hutchinson with a rebound.
2:00 of 1st period - Wrist shot by Connor Brown.
2:00 of 1st period - Stopped by Michael Hutchinson with a rebound.
2:59 of 1st period - Wrist shot by Vladimir Sobotka.
2:59 of 1st period - Shot Blocked by Jon Merrill.
3:14 of 1st period - Off-side.
3:15 of 1st period - Connor Brown wins face-off versus Anders Lee in neutral zone.
3:47 of 1st period - Wrist shot by Vladimir Zharkov.
3:47 of 1st period - Stopped by Anders Lindback without a rebound.
3:48 of 1st period - Vladimir Sobotka wins face-off versus Chris Tierney in Monarchs zone.
3:51 of 1st period - Snap shot by Tanner Pearson.
3:51 of 1st period - Stopped by Anders Lindback without a rebound.
3:52 of 1st period - Chris Tierney wins face-off versus Vladimir Sobotka in Monarchs zone.
4:21 of 1st period - Slapshot by Connor Brown.
4:21 of 1st period - Stopped by Michael Hutchinson with a rebound.
4:39 of 1st period - Anders Lee is hit by Chris Thorburn and loses puck.
6:16 of 1st period - Anders Lee is hit by Chris Thorburn.
6:28 of 1st period - Snap shot by Chris Thorburn.
6:28 of 1st period - Stopped by Michael Hutchinson without a rebound.
6:29 of 1st period - Marko Dano wins face-off versus Vladimir Zharkov in Inferno zone.
6:44 of 1st period - Snap shot by Tanner Pearson.
6:44 of 1st period - Shot Misses the Net.
7:29 of 1st period - Ryan White is hit by Christian Folin.
9:04 of 1st period - Icing by Alec Martinez.
9:05 of 1st period - Chris Tierney wins face-off versus Victor Rask in Monarchs zone.
9:43 of 1st period - Ryan White is hit by Matthew Nieto.
9:47 of 1st period - Ryan White is hit by Matthew Nieto and loses puck.
10:38 of 1st period - Chris Tierney is hit by Tanner Pearson and loses puck.
10:47 of 1st period - Wrist shot by Vladimir Zharkov.
10:47 of 1st period - Stopped by Anders Lindback with a rebound.
11:05 of 1st period - Wrist shot by Ryan White.
11:05 of 1st period - Stopped by Michael Hutchinson with a rebound.
11:07 of 1st period - Slapshot by Jon Merrill.
11:07 of 1st period - Stopped by Michael Hutchinson without a rebound.
11:08 of 1st period - Vladimir Sobotka wins face-off versus Marko Dano in Inferno zone.
11:33 of 1st period - Colby Robak is hit by Daultan Leveillé and loses puck.
11:54 of 1st period - Chris Tierney is hit by Matthew Nieto and loses puck.
13:00 of 1st period - Backhand shot by Chris Thorburn.
13:00 of 1st period - Shot Blocked by Kyle Palmieri.
13:02 of 1st period - Snap shot by Daultan Leveillé.
13:02 of 1st period - Shot Misses the Net.
14:20 of 1st period - Wrist shot by Bryan Rust.
14:20 of 1st period - Stopped by Anders Lindback with a rebound.
14:44 of 1st period - Snap shot by Anders Lee.
14:44 of 1st period - Shot Misses the Net.
15:01 of 1st period - Jake McCabe is hit by David Savard and loses puck.
15:36 of 1st period - Jon Merrill is hit by Philip Varone and loses puck.
15:54 of 1st period - Jon Merrill is hit by Matthew Nieto and loses puck.
16:03 of 1st period - Snap shot by Ryan White.
16:03 of 1st period - Stopped by Michael Hutchinson without a rebound.
16:04 of 1st period - Vladimir Sobotka wins face-off versus Marko Dano in Inferno zone.
16:10 of 1st period - Off-side.
16:11 of 1st period - Marko Dano wins face-off versus Vladimir Sobotka in neutral zone.
16:18 of 1st period - Snap shot by Marko Dano.
16:18 of 1st period - Deflect By Andre Burakovsky.
16:18 of 1st period - Stopped by Michael Hutchinson with a rebound.
16:30 of 1st period - Mathieu Brodeur is hit by Marko Dano and loses puck.
16:35 of 1st period - Wrist shot by Connor Brown.
16:35 of 1st period - Stopped by Michael Hutchinson with a rebound.
16:39 of 1st period - Snap shot by Connor Brown.
16:39 of 1st period - Shot Blocked by Christian Folin.
16:41 of 1st period - Wrist shot by Connor Brown.
16:41 of 1st period - Stopped by Michael Hutchinson with a rebound.
16:43 of 1st period - Snap shot by Connor Brown.
16:43 of 1st period - Shot Misses the Net.
16:49 of 1st period - Snap shot by Connor Brown.
16:49 of 1st period - Shot Misses the Net.
17:06 of 1st period - Icing by Marko Dano.
17:07 of 1st period - Marko Dano wins face-off versus Anders Lee in Monarchs zone.
17:07 of 1st period - Marko Dano is hit by Anders Lee.
17:19 of 1st period - Snap shot by Marko Dano.
17:19 of 1st period - Shot Blocked by David Savard.
17:21 of 1st period - Slapshot by Alec Martinez.
17:21 of 1st period - Shot Misses the Net.
17:23 of 1st period - Slapshot by Marko Dano.
17:23 of 1st period - Stopped by Michael Hutchinson with a rebound.
17:25 of 1st period - Slapshot by Josh Morrissey.
17:25 of 1st period - Shot Blocked by Kyle Palmieri.
17:27 of 1st period - Snap shot by Marko Dano.
17:27 of 1st period - Deflect By Connor Brown.
17:27 of 1st period - Shot Misses the Net.
17:27 of 1st period - Puck is out of play.
17:28 of 1st period - Philip Varone wins face-off versus Jonathan Drouin in Inferno zone.
17:30 of 1st period - Minor Penalty to Colby Robak for Hooking.
17:31 of 1st period - Jonathan Drouin wins face-off versus Vladimir Sobotka in Inferno zone.
19:26 of 1st period - Jake McCabe is hit by Matt Kassian and loses puck.
19:30 of 1st period - Penalty to Colby Robak is over, Colby Robak is back on ice.
19:43 of 1st period - Wrist shot by Ryan Spooner.
19:43 of 1st period - Stopped by Anders Lindback with a rebound.
19:45 of 1st period - Snap shot by Ryan Spooner.
19:45 of 1st period - Shot Misses the Net.
19:47 of 1st period - Slapshot by Esa Lindell.
19:47 of 1st period - Shot Blocked by Jon Merrill.
19:51 of 1st period - Slapshot by Victor Rask.
19:51 of 1st period - Shot Blocked by Artturi Lehkonen.
19:53 of 1st period - Slapshot by Esa Lindell.
19:53 of 1st period - Shot Misses the Net.
Goals for this period are 0 for Inferno vs 0 for Monarchs .
Shots for this period are 5 for Inferno vs 11 for Monarchs .
2nd period
0:01 of 2nd period - Daultan Leveillé wins face-off versus Vladimir Sobotka in neutral zone.
0:12 of 2nd period - Slapshot by Chris Thorburn.
0:12 of 2nd period - Stopped by Michael Hutchinson with a rebound.
0:14 of 2nd period - Slapshot by Jon Merrill.
0:14 of 2nd period - Shot Blocked by Colby Robak.
0:16 of 2nd period - Snap shot by Jon Merrill.
0:16 of 2nd period - Shot Misses the Net.
0:35 of 2nd period - Slapshot by Andre Burakovsky.
0:35 of 2nd period - Shot Misses the Net.
0:56 of 2nd period - Anders Lee is hit by Joel Armia.
1:08 of 2nd period - Slapshot by Bryan Rust.
1:08 of 2nd period - Stopped by Anders Lindback with a rebound.
1:10 of 2nd period - Slapshot by Mathieu Brodeur.
1:10 of 2nd period - Deflect By Matthew Nieto.
1:10 of 2nd period - Stopped by Anders Lindback without a rebound.
1:11 of 2nd period - Daultan Leveillé wins face-off versus Philip Varone in Monarchs zone.
1:23 of 2nd period - Off-side.
1:24 of 2nd period - Daultan Leveillé wins face-off versus Vladimir Sobotka in neutral zone.
1:59 of 2nd period - Snap shot by Chris Thorburn.
1:59 of 2nd period - Shot Misses the Net.
2:01 of 2nd period - Wrist shot by Daultan Leveillé.
2:01 of 2nd period - Shot Misses the Net.
2:05 of 2nd period - Snap shot by Daultan Leveillé.
2:05 of 2nd period - Stopped by Michael Hutchinson with a rebound.
2:07 of 2nd period - Slapshot by Jon Merrill.
2:07 of 2nd period - Shot Misses the Net.
2:09 of 2nd period - Wrist shot by Daultan Leveillé.
2:09 of 2nd period - Stopped by Michael Hutchinson without a rebound.
2:10 of 2nd period - Marko Dano wins face-off versus Vladimir Sobotka in Inferno zone.
2:13 of 2nd period - Snap shot by Connor Brown.
2:13 of 2nd period - Shot Blocked by Vladimir Zharkov.
2:42 of 2nd period - Snap shot by Anders Lee.
2:42 of 2nd period - Deflect By David Fischer.
2:42 of 2nd period - Stopped by Anders Lindback without a rebound.
2:43 of 2nd period - Vladimir Sobotka wins face-off versus Chris Tierney in Monarchs zone.
2:44 of 2nd period - Slapshot by Vladimir Zharkov.
2:44 of 2nd period - Deflect By Vladimir Sobotka.
2:44 of 2nd period - Shot Blocked by Jon Merrill.
2:44 of 2nd period - Puck is out of play.
2:45 of 2nd period - Chris Tierney wins face-off versus Vladimir Sobotka in Monarchs zone.
2:52 of 2nd period - Snap shot by Vladimir Sobotka.
2:52 of 2nd period - Shot Misses the Net.
3:12 of 2nd period - Off-side.
3:13 of 2nd period - Daultan Leveillé wins face-off versus Anders Lee in neutral zone.
3:15 of 2nd period - Minor Penalty to Chris Thorburn for Tripping.
3:16 of 2nd period - Daultan Leveillé wins face-off versus Vladimir Sobotka in Monarchs zone.
5:15 of 2nd period - Penalty to Chris Thorburn is over, Chris Thorburn is back on ice.
6:14 of 2nd period - Icing by Connor Brown.
6:15 of 2nd period - Daultan Leveillé wins face-off versus Matthew Nieto in Monarchs zone.
6:24 of 2nd period - Icing by Matthew Nieto.
6:25 of 2nd period - Philip Varone wins face-off versus Marko Dano in Inferno zone.
6:25 of 2nd period - Philip Varone is hit by Jon Merrill.
6:50 of 2nd period - Slapshot by Joel Armia.
6:50 of 2nd period - Goal by Joel Armia - Inferno : 0 - Monarchs : 1.
6:51 of 2nd period - Daultan Leveillé wins face-off versus Vladimir Sobotka in neutral zone.
6:56 of 2nd period - Snap shot by Chris Thorburn.
6:56 of 2nd period - Stopped by Michael Hutchinson with a rebound.
7:18 of 2nd period - Snap shot by Kyle Palmieri.
7:18 of 2nd period - Stopped by Anders Lindback with a rebound.
7:20 of 2nd period - Slapshot by Mathieu Brodeur.
7:20 of 2nd period - Shot Blocked by Andre Burakovsky.
7:22 of 2nd period - Backhand shot by Anders Lee.
7:22 of 2nd period - Shot Misses the Net.
7:40 of 2nd period - Teuvo Teravainen is hit by Philip Varone.
7:46 of 2nd period - Snap shot by Philip Varone.
7:46 of 2nd period - Shot Misses the Net.
7:58 of 2nd period - Slapshot by Jake McCabe.
7:58 of 2nd period - Stopped by Michael Hutchinson with a rebound.
8:28 of 2nd period - Snap shot by Kyle Palmieri.
8:28 of 2nd period - Stopped by Anders Lindback with a rebound.
8:30 of 2nd period - Slapshot by Esa Lindell.
8:30 of 2nd period - Deflect By Jon Merrill.
8:30 of 2nd period - Stopped by Anders Lindback with a rebound.
8:32 of 2nd period - Snap shot by Matt Kassian.
8:32 of 2nd period - Shot Blocked by Jon Merrill.
9:38 of 2nd period - Wrist shot by Kyle Palmieri.
9:38 of 2nd period - Stopped by Anders Lindback with a rebound.
9:59 of 2nd period - Snap shot by Victor Rask.
9:59 of 2nd period - Stopped by Anders Lindback without a rebound.
10:00 of 2nd period - Victor Rask wins face-off versus Andre Burakovsky in Monarchs zone.
10:11 of 2nd period - Slapshot by Jon Merrill.
10:11 of 2nd period - Stopped by Michael Hutchinson with a rebound.
10:56 of 2nd period - Wrist shot by Joel Armia.
10:56 of 2nd period - Shot Misses the Net.
11:10 of 2nd period - Jake McCabe is hit by Colby Robak and loses puck.
11:39 of 2nd period - Snap shot by Andre Burakovsky.
11:39 of 2nd period - Stopped by Michael Hutchinson with a rebound.
11:55 of 2nd period - Daultan Leveillé is hit by Oliver Bjorkstrand and loses puck.
12:36 of 2nd period - Snap shot by Ryan White.
12:36 of 2nd period - Stopped by Michael Hutchinson with a rebound.
13:10 of 2nd period - Oliver Bjorkstrand is hit by Chris Thorburn and loses puck.
13:22 of 2nd period - Icing by Will Butcher.
13:23 of 2nd period - Vladimir Sobotka wins face-off versus Daultan Leveillé in Monarchs zone.
13:32 of 2nd period - Snap shot by Vladimir Zharkov.
13:32 of 2nd period - Shot Blocked by Jon Merrill.
13:41 of 2nd period - Snap shot by Jonathan Drouin.
13:41 of 2nd period - Shot Misses the Net.
13:43 of 2nd period - Slapshot by Jon Merrill.
13:43 of 2nd period - Stopped by Michael Hutchinson without a rebound.
13:44 of 2nd period - Marko Dano wins face-off versus Anders Lee in Inferno zone.
13:45 of 2nd period - Snap shot by Connor Brown.
13:45 of 2nd period - Shot Misses the Net.
13:53 of 2nd period - Snap shot by Matt Kassian.
13:53 of 2nd period - Deflect By Anders Lee.
13:53 of 2nd period - Shot Misses the Net.
13:53 of 2nd period - Puck is out of play.
13:54 of 2nd period - Anders Lee wins face-off versus Marko Dano in Monarchs zone.
14:06 of 2nd period - Wrist shot by Matt Kassian.
14:06 of 2nd period - Goal by Matt Kassian - Inferno : 1 - Monarchs : 1.
14:07 of 2nd period - Daultan Leveillé wins face-off versus Vladimir Sobotka in neutral zone.
14:09 of 2nd period - Minor Penalty to Daultan Leveillé for Hooking.
14:10 of 2nd period - Vladimir Sobotka wins face-off versus Marko Dano in Monarchs zone.
14:10 of 2nd period - Wrist shot by Kyle Palmieri.
14:10 of 2nd period - Stopped by Anders Lindback with a rebound.
14:12 of 2nd period - Wrist shot by David Savard.
14:12 of 2nd period - Shot Misses the Net.
14:14 of 2nd period - Slapshot by Christian Folin.
14:14 of 2nd period - Shot Misses the Net.
14:16 of 2nd period - Wrist shot by Vladimir Sobotka.
14:16 of 2nd period - Stopped by Anders Lindback without a rebound.
14:17 of 2nd period - Vladimir Sobotka wins face-off versus Marko Dano in Monarchs zone.
16:09 of 2nd period - Penalty to Daultan Leveillé is over, Daultan Leveillé is back on ice.
18:11 of 2nd period - Tanner Pearson is hit by Jon Merrill and loses puck.
18:50 of 2nd period - Andre Burakovsky is hit by Mathieu Brodeur and loses puck.
19:09 of 2nd period - Dennis Everberg is hit by Bryan Rust.
19:13 of 2nd period - Bryan Rust is hit by Ryan White and loses puck.
19:28 of 2nd period - Snap shot by Vladimir Zharkov.
19:28 of 2nd period - Stopped by Anders Lindback without a rebound.
19:29 of 2nd period - Jonathan Drouin wins face-off versus Vladimir Sobotka in Monarchs zone.
19:29 of 2nd period - Jonathan Drouin is hit by Vladimir Zharkov.
19:37 of 2nd period - Daultan Leveillé is hit by Tanner Pearson and loses puck.
Goals for this period are 1 for Inferno vs 1 for Monarchs .
Shots for this period are 12 for Inferno vs 10 for Monarchs .
3rd period
0:01 of 3rd period - Vladimir Sobotka wins face-off versus Marko Dano in neutral zone.
0:03 of 3rd period - Minor Penalty to David Savard for Holding Stick.
0:04 of 3rd period - Vladimir Sobotka wins face-off versus Marko Dano in Inferno zone.
1:11 of 3rd period - Simon Danis-Pepin is hit by Jonathan Drouin and loses puck.
2:03 of 3rd period - Penalty to David Savard is over, David Savard is back on ice.
2:39 of 3rd period - Icing by Esa Lindell.
2:40 of 3rd period - Daultan Leveillé wins face-off versus Anders Lee in Inferno zone.
2:54 of 3rd period - Backhand shot by Ryan White.
2:54 of 3rd period - Shot Misses the Net.
3:10 of 3rd period - Snap shot by Vladimir Zharkov.
3:10 of 3rd period - Goal by Vladimir Zharkov - Inferno : 2 - Monarchs : 1.
3:11 of 3rd period - Vladimir Sobotka wins face-off versus Marko Dano in neutral zone.
3:14 of 3rd period - Wrist shot by Vladimir Sobotka.
3:14 of 3rd period - Shot Misses the Net.
3:20 of 3rd period - Snap shot by Vladimir Zharkov.
3:20 of 3rd period - Shot Misses the Net.
3:32 of 3rd period - Minor Penalty to Colby Robak for Boarding.
3:33 of 3rd period - Vladimir Sobotka wins face-off versus Marko Dano in Inferno zone.
3:44 of 3rd period - Slapshot by Connor Brown.
3:44 of 3rd period - Goal by Connor Brown - Inferno : 2 - Monarchs : 2.
3:45 of 3rd period - Daultan Leveillé wins face-off versus Vladimir Sobotka in neutral zone.
4:10 of 3rd period - Colby Robak is hit by Connor Brown and loses puck.
4:28 of 3rd period - Off-side.
4:29 of 3rd period - Philip Varone wins face-off versus Chris Tierney in neutral zone.
4:36 of 3rd period - Wrist shot by Matthew Nieto.
4:36 of 3rd period - Stopped by Anders Lindback without a rebound.
4:37 of 3rd period - Vladimir Sobotka wins face-off versus Daultan Leveillé in Monarchs zone.
4:40 of 3rd period - Snap shot by Tanner Pearson.
4:40 of 3rd period - Deflect By Vladimir Sobotka.
4:40 of 3rd period - Shot Misses the Net.
4:40 of 3rd period - Puck is out of play.
4:41 of 3rd period - Daultan Leveillé wins face-off versus Vladimir Sobotka in Monarchs zone.
4:52 of 3rd period - Snap shot by Chris Thorburn.
4:52 of 3rd period - Stopped by Michael Hutchinson with a rebound.
4:54 of 3rd period - Slapshot by Chris Thorburn.
4:54 of 3rd period - Shot Misses the Net.
5:06 of 3rd period - David Savard is hit by Teuvo Teravainen and loses puck.
5:35 of 3rd period - Snap shot by Andre Burakovsky.
5:35 of 3rd period - Goal by Andre Burakovsky - Inferno : 2 - Monarchs : 3.
5:36 of 3rd period - Marko Dano wins face-off versus Kyle Palmieri in neutral zone.
5:43 of 3rd period - Slapshot by Christian Folin.
5:43 of 3rd period - Stopped by Anders Lindback without a rebound.
5:44 of 3rd period - Anders Lee wins face-off versus Marko Dano in Monarchs zone.
5:47 of 3rd period - Snap shot by Kyle Palmieri.
5:47 of 3rd period - Stopped by Anders Lindback with a rebound.
5:57 of 3rd period - Wrist shot by Connor Brown.
5:57 of 3rd period - Deflect By Marko Dano.
5:57 of 3rd period - Shot Misses the Net.
5:57 of 3rd period - Puck is out of play.
5:58 of 3rd period - Vladimir Sobotka wins face-off versus Jonathan Drouin in Inferno zone.
5:58 of 3rd period - Vladimir Sobotka is hit by Chris Thorburn.
6:08 of 3rd period - Wrist shot by Chris Thorburn.
6:08 of 3rd period - Shot Blocked by David Savard.
6:10 of 3rd period - Slapshot by Daultan Leveillé.
6:10 of 3rd period - Shot Misses the Net.
6:12 of 3rd period - Snap shot by Jonathan Drouin.
6:12 of 3rd period - Shot Blocked by Vladimir Zharkov.
6:14 of 3rd period - Wrist shot by Jon Merrill.
6:14 of 3rd period - Shot Misses the Net.
6:20 of 3rd period - Minor Penalty to David Savard for High sticking.
6:21 of 3rd period - Vladimir Sobotka wins face-off versus Andre Burakovsky in Inferno zone.
8:20 of 3rd period - Penalty to David Savard is over, David Savard is back on ice.
8:27 of 3rd period - Chris Tierney is hit by Simon Danis-Pepin and loses puck.
8:34 of 3rd period - Slapshot by Ryan Spooner.
8:34 of 3rd period - Shot Misses the Net.
8:55 of 3rd period - Snap shot by Ryan White.
8:55 of 3rd period - Stopped by Michael Hutchinson without a rebound.
8:56 of 3rd period - Ryan White wins face-off versus Anders Lee in Inferno zone.
9:03 of 3rd period - Slapshot by Ryan White.
9:03 of 3rd period - Deflect By Artturi Lehkonen.
9:03 of 3rd period - Shot Misses the Net.
9:03 of 3rd period - Puck is out of play.
9:04 of 3rd period - Anders Lee wins face-off versus Ryan White in Inferno zone.
9:06 of 3rd period - Minor Penalty to Colby Robak for Hooking.
9:07 of 3rd period - Marko Dano wins face-off versus Vladimir Sobotka in Inferno zone.
9:17 of 3rd period - Marko Dano is hit by Bryan Rust and loses puck.
9:40 of 3rd period - Slapshot by Will Butcher.
9:40 of 3rd period - Shot Blocked by David Savard.
9:42 of 3rd period - Slapshot by Will Butcher.
9:42 of 3rd period - Shot Misses the Net.
10:24 of 3rd period - Snap shot by Matt Kassian.
10:24 of 3rd period - Shot Misses the Net.
10:42 of 3rd period - Snap shot by Philip Varone.
10:42 of 3rd period - Shot Misses the Net.
11:06 of 3rd period - Penalty to Colby Robak is over, Colby Robak is back on ice.
11:15 of 3rd period - Colby Robak is hit by Artturi Lehkonen and loses puck.
11:34 of 3rd period - Mathieu Brodeur is hit by Jon Merrill and loses puck.
11:52 of 3rd period - Victor Rask is hit by Jon Merrill.
13:02 of 3rd period - Slapshot by Colby Robak.
13:02 of 3rd period - Shot Blocked by Alec Martinez.
13:04 of 3rd period - Snap shot by Ryan Spooner.
13:04 of 3rd period - Stopped by Anders Lindback with a rebound.
14:17 of 3rd period - Christian Folin is hit by Ryan White and loses puck.
14:34 of 3rd period - Daultan Leveillé is hit by Vladimir Sobotka and loses puck.
16:04 of 3rd period - Slapshot by Colby Robak.
16:04 of 3rd period - Deflect By Teuvo Teravainen.
16:04 of 3rd period - Stopped by Anders Lindback without a rebound.
16:05 of 3rd period - Chris Tierney wins face-off versus Philip Varone in Monarchs zone.
16:18 of 3rd period - Snap shot by Matthew Nieto.
16:18 of 3rd period - Shot Blocked by Chris Tierney.
16:20 of 3rd period - Slapshot by Matthew Nieto.
16:20 of 3rd period - Stopped by Anders Lindback without a rebound.
16:21 of 3rd period - Andre Burakovsky wins face-off versus Vladimir Sobotka in Monarchs zone.
16:31 of 3rd period - Minor Penalty to Will Butcher for High sticking.
16:32 of 3rd period - Tanner Pearson wins face-off versus Daultan Leveillé in Monarchs zone.
16:38 of 3rd period - Snap shot by Kyle Palmieri.
16:38 of 3rd period - Shot Misses the Net.
16:40 of 3rd period - Wrist shot by Vladimir Sobotka.
16:40 of 3rd period - Stopped by Anders Lindback with a rebound.
16:42 of 3rd period - Backhand shot by David Savard.
16:42 of 3rd period - Deflect By Alec Martinez.
16:42 of 3rd period - Goal by David Savard - Inferno : 3 - Monarchs : 3.
16:43 of 3rd period - Chris Tierney wins face-off versus Philip Varone in neutral zone.
17:05 of 3rd period - Icing by Colby Robak.
17:06 of 3rd period - Vladimir Sobotka wins face-off versus Marko Dano in Inferno zone.
17:06 of 3rd period - Vladimir Sobotka is hit by Alec Martinez.
17:39 of 3rd period - Off-side.
17:40 of 3rd period - Philip Varone wins face-off versus Chris Tierney in neutral zone.
18:12 of 3rd period - Wrist shot by Kyle Palmieri.
18:12 of 3rd period - Stopped by Anders Lindback with a rebound.
18:14 of 3rd period - Snap shot by Kyle Palmieri.
18:14 of 3rd period - Goal by Kyle Palmieri - Inferno : 4 - Monarchs : 3.
18:15 of 3rd period - Philip Varone wins face-off versus Andre Burakovsky in neutral zone.
18:18 of 3rd period - Snap shot by Matthew Nieto.
18:18 of 3rd period - Goal by Matthew Nieto - Inferno : 5 - Monarchs : 3.
18:19 of 3rd period - Philip Varone wins face-off versus Chris Tierney in neutral zone.
18:53 of 3rd period - Wrist shot by Vladimir Zharkov.
18:53 of 3rd period - Shot Misses the Net.
18:55 of 3rd period - Slapshot by Vladimir Sobotka.
18:55 of 3rd period - Shot Misses the Net.
Goals for this period are 4 for Inferno vs 2 for Monarchs .
Shots for this period are 12 for Inferno vs 4 for Monarchs .
Back to the Top